 Dungeon Crawl Stone Soup version 0.29.1-15-g9cfb28693d (webtiles) character file.

Game seed: 9025416427527176718

14126 coffeetime the Protected (level 11, -7/101 HPs)
             Began as a Minotaur Berserker on July 10, 2023.
             Was a Priest of Trog.
             Mangled by a troll (8 damage)
             ... on level 11 of the Dungeon.
             The game lasted 00:38:51 (17155 turns).

coffeetime the Protected (Minotaur Berserker)      Turns: 17155, Time: 00:38:52

Health: -7/101     AC: 17    Str: 24 (25) XL:     11   Next: 84%
Magic:  0/3        EV: 10    Int:  3 (6)  God:    Trog [***...]
Gold:   809        SH:  4    Dex:  9      Spells: 10/10 levels left

rFire   + . .      SeeInvis .   a - +1 trident (antimagic)
rCold   . . .      Faith    .   n - +0 buckler
rNeg    . . .      Spirit   +   C - +1 chain mail {rF+}
rPois   +          Reflect  .   (helmet restricted)
rElec   .          Harm     .   (no cloak)
rCorr   .          Rampage  .   E - +0 pair of gloves
Will    +....                   q - +0 pair of boots
Stlth   ..........              G - amulet of guardian spirit
HPRegen 0.26/turn               D - ring of willpower
MPRegen 0.08/turn               e - ring of poison resistance

@: no status effects
A: horns 2, retaliatory headbutt
a: Renounce Religion, Berserk, Trog's Hand


You were on level 11 of the Dungeon.
You worshipped Trog.
Trog was most pleased with you.
You visited 1 branch of the dungeon, and saw 12 of its levels.
You also visited: Bailey.

You collected 809 gold pieces.

Inventory:

Hand Weapons
 a - a +1 antimagic trident (weapon)
 b - a +2 flail of holy wrath
 v - a +0 short sword of electrocution
 w - a +0 shortbow
 L - a +1 shortbow of freezing
 O - a +2 dagger of venom
Missiles
 h - 64 stones
 s - 4 boomerangs of dispersal
 t - 6 atropa-tipped darts
 B - a throwing net
 H - 5 javelins
 M - 10 poisoned darts (quivered)
Armour
 n - a +0 buckler (worn)
 q - a +0 pair of boots (worn)
 C - a +1 chain mail of fire resistance (worn)
 E - a +0 pair of gloves (worn)
Jewellery
 e - a ring of poison resistance (right hand)
 D - a ring of willpower (left hand)
 G - an amulet of guardian spirit (around neck)
Wands
 m - a wand of paralysis (15)
 u - a wand of roots (13)
 y - a wand of digging (7)
Scrolls
 d - a scroll of amnesia {unknown}
 f - a scroll of summoning {unknown}
 i - 4 scrolls of butterflies
 j - 3 scrolls of magic mapping
 p - 2 scrolls of enchant weapon
 F - 2 scrolls of immolation
 I - a scroll of poison {unknown}
 J - a scroll of noise {unknown}
 N - 2 scrolls of torment {unknown}
Potions
 c - 4 potions of mutation
 g - a potion of resistance {unknown}
 k - 4 potions of heal wounds
 r - 2 potions of lignification {unknown}
 x - 3 potions of flight
 z - 3 potions of might {unknown}
 A - 2 potions of cancellation {unknown}
 K - a potion of invisibility {unknown}
 P - 2 potions of magic {unknown}


   Skills:
 + Level 10.9 Fighting
 - Level 3.9 Axes
 - Level 6.2 Throwing
 + Level 14.1 Armour
 + Level 8.1 Dodging
 + Level 2.2 Stealth
 - Level 5.1 Shields
 - Level 5.8 Evocations


You had 10 spell levels left.
You didn't know any spells.
Your spell library was empty.

Dungeon Overview and Level Annotations

Branches:
Dungeon (12/15)            Temple (0/1) D:4             Orc (0/2) D:12
 Bailey (visited)
   Lair: D:8-11

Altars:
Cheibriados
Dithmenos
Elyvilon
Fedhas
Gozag
Makhleb
Nemelex Xobeh
Qazlal
Ru
Sif Muna
Trog
Uskayaw
Vehumet
Yredelemnul
Zin

Shops:
D:8 :   D:9 *

Annotations:
D:10 dangerous enemy with amazing glaive


Innate Abilities, Weirdness & Mutations

You have a pair of horns on your head.
You reflexively headbutt those who attack you in melee.


Message History

* * * LOW HITPOINT WARNING * * *
You puncture the troll! Your headbutt misses the troll.
The troll is severely wounded.
The troll barely misses you. You furiously retaliate!
You headbutt the troll. The troll barely misses you.
The troll closely misses you.
You barely miss the troll.
The troll is almost dead.
The troll closely misses you. You block the troll's attack.
The troll closely misses you.
You hit the troll.
The troll is almost dead.
The troll closely misses you. The troll claws you.
* * * LOW HITPOINT WARNING * * *
The troll claws you but does no damage.
You barely miss the troll.
The troll is almost dead.
The troll bites you but does no damage. The troll barely misses you.
You block the troll's attack. The troll bites you.
* * * LOW HITPOINT WARNING * * *
You block the troll's attack. The troll claws you but does no damage.
You hit the troll but do no damage. Your headbutt misses the troll.
The troll is severely wounded.
You block the troll's attack. The troll claws you.
* * * LOW HITPOINT WARNING * * *
The troll claws you.
* * * LOW HITPOINT WARNING * * *
You barely miss the troll. Your headbutt misses the troll.
The troll is severely wounded.
The troll bites you!
* * * LOW HITPOINT WARNING * * *
You block the troll's attack. The troll closely misses you.
You closely miss the troll.
The troll is severely wounded.
The troll bites you but does no damage. The troll claws you.
* * * LOW HITPOINT WARNING * * *
The troll barely misses you.
You barely miss the troll.
The troll is severely wounded.
You block the troll's attack. The troll claws you!
You die...

# #..# #....#
#######..####....#
.................#########
.........................#
......†............).....#
####..########...........#
#..# #...........# #..#
#..T#######.# #..# #^.@#
#.# #..# #...# #.# #..#
####...# #.# ####..#
#......#######.# ......###
#.##...........# ........#
#.#............# ....÷...#
#≈#............# .....##.#
#≈#............# #..>.##.#
#≈###.........[#


You could see a troll.

Vanquished Creatures
  A boulder beetle (D:9)
  2 two-headed ogres
  An orc knight (D:10)
  An ugly thing (D:12)
  A manticore (D:12)
  2 unseen horrors (D:12)
  A komodo dragon (D:10)
  2 trolls (D:9)
  A hornet (D:7)
  2 wraiths (D:9)
  4 yaks
  2 vampires
  2 wyverns
  A spriggan (shapeshifter) (D:10)
  2 shadows (D:10)
  2 steam dragons
  Grum (D:8)
  8 vampire mosquitoes
  An acid dragon (D:10)
  A water moccasin (D:7)
  12 orc warriors
  A sky beast (D:7)
  An ice beast (D:6)
  3 black bears
  5 wolves
  15 centaurs
  A phantom (D:6)
  4 scorpions
  A kobold brigand (D:8)
  11 bullfrogs
  A necrophage (D:6)
  A gnoll sergeant (D:10)
  8 wights (D:8)
  6 killer bees
  3 howler monkeys
  7 hounds
  5 orc priests
  3 gnoll boudas
  4 iguanas
  5 orc wizards
  19 gnolls
  4 adders
  A shadow imp (D:6)
  2 white imps
  2 ufetubi (D:4)
  2 worms
  4 dart slugs
  19 orcs
  10 endoplasms
  3 giant cockroaches
  19 goblins
  12 hobgoblins
  2 jackals (D:4)
  11 kobolds
  2 quokkas
  5 ball pythons
  8 bats
  2 frilled lizards
  4 rats
266 creatures vanquished.

Vanquished Creatures (collateral kills)
  An orc warrior (Bailey)
  A hobgoblin (Bailey)
2 creatures vanquished.

Grand Total: 268 creatures vanquished

Notes
Turn   | Place    | Note
-------+----------+-------------------------------------------
     0 | D:1      | coffeetime the Minotaur Berserker began the quest for the
                  | Orb.
     0 | D:1      | Reached XP level 1. HP: 19/19 MP: 0/0
   261 | D:1      | Reached XP level 2. HP: 19/27 MP: 1/1
   418 | D:1      | Found a faded altar of an unknown god.
  1083 | D:2      | Reached XP level 3. HP: 32/33 MP: 2/2
  1404 | D:2      | Reached ** piety under Trog
  1617 | D:2      | Found a white marble altar of Elyvilon.
  1953 | D:3      | Reached skill level 1 in Shields
  1967 | D:3      | Reached skill level 3 in Armour
  1985 | D:3      | Reached XP level 4. HP: 4/41 MP: 3/3
  2505 | D:3      | Found a stormy altar of Qazlal.
  2505 | D:3      | Found a radiant altar of Vehumet.
  2587 | D:3      | Found a snail-covered altar of Cheibriados.
  2588 | D:3      | Found a shadowy altar of Dithmenos.
  2591 | D:3      | Found a sacrificial altar of Ru.
  2592 | D:3      | Found a bloodstained altar of Trog.
  2592 | D:3      | Found a hide-covered altar of Uskayaw.
  2592 | D:3      | Found a blossoming altar of Fedhas.
  2592 | D:3      | Found a glowing silver altar of Zin.
  2593 | D:3      | Found a white marble altar of Elyvilon.
  2595 | D:3      | Found a shimmering blue altar of Sif Muna.
  2596 | D:3      | Found a basalt altar of Yredelemnul.
  3073 | D:4      | Reached XP level 5. HP: 33/47 MP: 4/4
  3303 | D:4      | Reached skill level 1 in Throwing
  3308 | D:4      | Reached skill level 4 in Armour
  3354 | D:4      | Found an opulent altar of Gozag.
  3368 | D:4      | Reached XP level 6. HP: 41/55 MP: 5/5
  3736 | D:4      | Found a sparkling altar of Nemelex Xobeh.
  3890 | D:4      | Found a staircase to the Ecumenical Temple.
  3963 | D:5      | Entered Level 5 of the Dungeon
  4139 | D:5      | Reached skill level 5 in Fighting
  4296 | D:5      | Found a burning altar of Makhleb.
  4319 | D:5      | Reached skill level 5 in Armour
  4957 | D:6      | Reached XP level 7. HP: 57/61 MP: 6/6
  5138 | D:6      | Reached skill level 6 in Armour
  5138 | D:6      | Reached skill level 1 in Evocations
  5151 | D:6      | Reached *** piety under Trog
  5152 | D:6      | Reached skill level 1 in Stealth
  5454 | D:6      | Reached skill level 5 in Shields
  5454 | D:6      | Reached XP level 8. HP: 70/70 MP: 7/7
  5727 | D:7      | Reached skill level 7 in Armour
  5951 | D:7      | Noticed a hornet
  5961 | D:7      | Killed a hornet
  5968 | D:7      | Reached skill level 8 in Armour
  7103 | D:7      | Reached XP level 9. HP: 53/78 MP: 8/8
  7330 | D:8      | Found Edasen's Book Emporium.
  7340 | D:8      | Reached skill level 5 in Dodging
  7343 | D:8      | Noticed Grum
  7481 | D:8      | Reached skill level 9 in Armour
  7771 | D:8      | Killed Grum
  8825 | D:8      | Reached skill level 10 in Armour
  9287 | D:9      | Found Fieg's Assorted Antiques.
  9304 | D:9      | Reached **** piety under Trog
  9305 | D:9      | Reached XP level 10. HP: 68/89 MP: 6/9
 10104 | D:9      | HP: 6/135 [troll (6)]
 10106 | D:9      | Reached skill level 5 in Throwing
 10793 | D:9      | Reached skill level 11 in Armour
 10964 | D:9      | Noticed a two-headed ogre
 10975 | D:9      | Killed a two-headed ogre
 10976 | D:9      | Reached skill level 5 in Evocations
 11040 | D:9      | Noticed a boulder beetle
 11049 | D:9      | Noticed a white ugly thing
 11057 | D:9      | Noticed a purple ugly thing
 11066 | D:9      | Killed a boulder beetle
 11308 | D:10     | Entered Level 10 of the Dungeon
 11354 | D:10     | Reached skill level 12 in Armour
 11355 | D:10     | Found a flagged portal.
 11370 | Bailey   | Entered a bailey
 11664 | Bailey   | Reached XP level 11. HP: 91/97 MP: 8/10
 12237 | Bailey   | Noticed an orc warlord
 12645 | D:10     | Noticed a two-headed ogre
 12653 | D:10     | Killed a two-headed ogre
 13150 | D:10     | Noticed an orc knight
 13170 | D:10     | Killed an orc knight
 13191 | D:10     | HP: 1/99 [ice beast (shapeshifter) (8)]
 13693 | D:11     | Reached skill level 13 in Armour
 13784 | D:11     | Noticed a green ugly thing
 13802 | D:11     | HP: 1/99 [centaur/arrow (5)]
 14116 | D:10     | Noticed a lindwurm
 14330 | D:10     | Reached skill level 10 in Fighting
 14598 | D:10     | Identified the +8 glaive "Dayt" {vorpal, Stlth+}
 14598 | D:10     | Noticed a skeletal warrior
 16184 | D:12     | Noticed a purple ugly thing
 16195 | D:12     | Killed a purple ugly thing
 16629 | D:12     | Found a staircase to the Orcish Mines.
 17063 | D:11     | Reached skill level 14 in Armour
 17153 | D:11     | HP: 4/101 [troll (8)]
 17154 | D:11     | HP: 1/101 [troll (3)]
 17155 | D:11     | Mangled by a troll

Illustrated notes

Levels and vault maps discovered:
D:1:      dpeg_arrival_water_altar, layout_basic, serial_curves, eino_curves_03,
          eino_curves_04, hellmonk_ecumenical_altar_leap_of_faith
D:2:      layout_basic, basic_altar
D:3:      layout_basic, minitemple, gammafunk_temple_overflow_wave,
          small_statue_intersection
D:4:      layout_basic, nemelex_spade_bored_becter, mainiacjoe_overflow_catwalk,
          minmay_temple_entry_fiery, serial_rivers,
          chequers_serial_rivers_marsh, chequers_serial_rivers_marsh,
          chequers_serial_rivers_micro_c, chequers_serial_rivers_room_b
D:5:      layout_basic, marbit_many_paths, amethyst_killhole
D:6:      layout_basic
D:7:      layout_loops_ring, roderic_serpentine_path
D:8:      layout_rooms, serial_shops, shop_coins, uniq_grum
D:9:      minmay_slanted_spiral_squares, layout_small_grid, serial_shops,
          nicolae_take_the_stairs
D:10:     layout_basic, enter_bailey_2, minmay_the_grid_2x2
          [minmay_the_grid_armoury, minmay_the_grid_gridbox,
          minmay_the_grid_box_x, minmay_the_grid_prize_shrinking_boxes]
D:11:     layout_small_grid, erik_lair_island, corexii_corridor_pit
D:12:     layout_basic, orc_0_dummy

Skill      XL: |  1  2  3  4  5  6  7  8  9 10 11 |
---------------+----------------------------------+-----
Fighting       | 4 5 6 8 9 10 | 10.9
Shields        | 1 2 3 5 |  5.1
Armour         | 3 4 5 6 8 10 12 14 | 14.1
Throwing       | 1 3 4 5 6 |  6.2
Dodging        | 3 4 6 7 8 |  8.1
Evocations     | 1 3 4 5 |  5.8
Stealth        | 1 2 |  2.2
Axes           | |  3.9

Action                   |  1- 3 |  4- 6 |  7- 9 | 10-12 || total
-------------------------+-------+-------+-------+-------++-------
Melee: Short sword       |    36 |       |       |       ||    36
       Hand axe          |     8 |       |       |       ||     8
       Headbutt          |    19 |    25 |    50 |   130 ||   224
       Dagger            |    48 |   132 |   259 |   259 ||   698
       Flail             |       |       |    37 |    81 ||   118
       Trident           |       |       |       |   184 ||   184
Throw: Dart              |       |     1 |     7 |     5 ||    13
       Stone             |       |     1 |       |       ||     1
Invok: Berserk           |       |     1 |     5 |    12 ||    18
       Trog's Hand       |       |     1 |     3 |     4 ||     8
       Brothers in Arms  |       |       |       |     1 ||     1
  Use: Scroll            |       |     5 |     1 |     9 ||    15
       Potion            |       |       |     1 |     7 ||     8
Armor: Ring mail         |    26 |    18 |       |       ||    44
       Scale mail        |       |    24 |   157 |    13 ||   194
       Chain mail        |       |       |       |   528 ||   528
Dodge: Dodged            |    41 |    75 |   158 |   369 ||   643
Block: Buckler           |     5 |    16 |    67 |   161 ||   249
